 Dungeon Crawl Stone Soup version 0.26-a0-668-gd58323b419 (webtiles) character file.

Game seed: 15822940865922928793

8435 somkeydreadnuts the Geomancer (level 11, -2/54 HPs)
             Began as a Gargoyle Earth Elementalist on Oct 19, 2020.
             Was an Initiate of Gozag.
             Slain by a boulder beetle (56 damage)
             ... on level 11 of the Dungeon.
             The game lasted 01:10:06 (12145 turns).

somkeydreadnuts the Geomancer (GrEE)               Turns: 12145, Time: 01:10:06

Health: -2/54      AC: 14    Str: 11    XL:     11   Next: 30%
Magic:  20/20      EV: 17    Int: 20    God:    Gozag
Gold:   1075       SH:  0    Dex: 10    Spells: 1/22 levels left

rFire    . . .     SeeInvis .   E - +5 battleaxe
rCold    . . .     Faith    .   (shield currently unavailable)
rNeg     + . .     Spirit   .   D - +2 robe of Yredelemnul's Favour {MR+}
rPois    ∞         Reflect  .   k - +0 helmet
rElec    +         Harm     .   u - +0 cloak
rCorr    .         Rampage  .   (no gloves)
MR       +....                  (no boots)
Stlth    ++........             Q - amulet of magic regeneration
HPRegen  0.18/turn              w - ring of wizardry
MPRegen  0.42/turn              S - +4 ring of evasion

@: no status effects
A: negative energy resistance 1, electricity resistance, unbreathing,
petrification resistance, rot immunity, AC +8
a: Potion Petition, Call Merchant, Bribe Branch, Renounce Religion


You were on level 11 of the Dungeon.
You worshipped Gozag.
Gozag was most pleased with you.
You visited 2 branches of the dungeon, and saw 12 of its levels.

You collected 1841 gold pieces.
You spent 654 gold pieces at shops.
You paid 112 gold pieces to Gozag.

Inventory:

Hand Weapons
 g - a +1 whip of venom
 E - a +5 battleaxe (weapon)
Missiles
 b - 116 stones
 z - 5 curare-tipped darts (quivered)
 G - 9 atropa-tipped darts
Armour
 k - a +0 helmet (worn)
 u - a +0 cloak (worn)
 D - the +2 robe of Yredelemnul's Favour (worn) {MR+}
   (You found it on level 5 of the Dungeon)

   It affects your resistance to hostile enchantments.
Jewellery
 w - a ring of wizardry (left hand)
 F - a +6 ring of dexterity
 Q - an amulet of magic regeneration (around neck)
 R - an uncursed ring of protection from fire
 S - a +4 ring of evasion (right hand)
Wands
 c - a wand of polymorph (14)
 q - a wand of acid (13)
 C - a wand of flame (16)
 L - a wand of disintegration (6)
Scrolls
 a - 2 scrolls of identify
 d - a scroll of summoning {unknown}
 e - 2 scrolls of noise
 i - 2 scrolls of magic mapping
 l - a scroll of blinking
 m - 12 scrolls of remove curse
 p - 3 scrolls of fear
 r - 3 scrolls of random uselessness {unknown}
 s - 5 scrolls of teleportation {unknown}
 x - 4 scrolls of enchant armour {unknown}
 y - 4 scrolls of amnesia {unknown}
 J - a scroll of vulnerability {unknown}
 M - 3 scrolls of enchant weapon
 N - a scroll of fog {unknown}
Potions
 f - 2 potions of brilliance
 h - a potion of stabbing
 j - a potion of cancellation {unknown}
 n - 2 potions of flight
 o - a potion of curing
 t - a potion of haste {unknown}
 v - 2 potions of lignification
 A - 4 potions of magic
 B - 2 potions of mutation {unknown}
 H - 3 potions of resistance
 I - a potion of degeneration {unknown}
 K - 2 potions of heal wounds
 O - a potion of ambrosia {unknown}
 P - a potion of berserk rage {unknown}


   Skills:
 - Level 0.1 Maces & Flails
 - Level 1.0 Throwing
 - Level 5.4 Armour
 - Level 4.6 Dodging
 - Level 2.2 Stealth
 - Level 6.1 Spellcasting
 - Level 5.3 Conjurations
 - Level 3.9 Transmutations
 * Level 3.0 Fire Magic
 - Level 12.1 Earth Magic
 - Level 6.3 Poison Magic
 + Level 0.5 Evocations


You had one spell level left.
You knew the following spells:

 Your Spells              Type           Power        Failure   Level
a - Sandblast             Erth           ######       1%          1
b - Passwall              Tmut/Erth      #####...     1%          2
c - Stone Arrow           Conj/Erth      #####.       1%          3
d - Lee's Rapid Deconstr  Erth           ######....   1%          5
e - Mephitic Cloud        Conj/Pois/Air  ###.....     2%          3
f - Olgreb's Toxic Radia  Pois           ####....     3%          4
g - Ignite Poison         Fire/Tmut/Pois ###.....     1%          3

Your spell library contained the following spells:

 Spells                   Type           Power        Failure   Level
 Magic Dart               Conj           ####         1%          1
 Sting                    Tmut/Pois      ####         1%          1
 Poisonous Vapours        Pois/Air       ###...       1%          2
 Petrify                  Tmut/Erth      #####...     1%          4
 Conjure Flame            Conj/Fire      ###.....     2%          3
 Blink                    Tloc           N/A          6%          2
 Call Imp                 Summ           #.......     6%          2
 Slow                     Hex            #.......     6%          2


Dungeon Overview and Level Annotations

Branches:
Dungeon (11/15)            Temple (1/1) D:6
   Lair: D:8-11         Orc: D:9-12

Altars:
Ashenzari
Cheibriados
Gozag
Hepliaklqana
Nemelex Xobeh
Okawaru
Qazlal
Sif Muna
Uskayaw
Wu Jian
Xom
Zin
Beogh

Shops:
D:4 *   D:9 :   D:10 !

Annotations:
D:10 1 runed translucent door, sahdkjhfkaj's ghost, journeyman HuFi


Innate Abilities, Weirdness & Mutations

You are resistant to torment.
Your stone body is resilient. (AC +8)
You are immune to poison.
You resist negative energy. (rN+)
You are resistant to electric shocks. (rElec)
You can survive without breathing.
You are immune to petrification.
You are immune to rotting.


Message History

The bush is almost destroyed.
You hit the bush.
The bush is almost destroyed.
You hit the bush.
You destroy the bush!
You now have 1046 gold pieces (gained 6).
You now have 1057 gold pieces (gained 11).
You now have 1075 gold pieces (gained 18).
Things that are here:
a +0 shortbow; 4 arrows You hear the faint crackling of a very distant melting archway.
A boulder beetle comes into view.
The boulder beetle waves its antennae.
The boulder beetle curls into a ball and begins rolling!
Found 18 stones.
A boulder beetle is nearby!
The boulder beetle hits you!!!
Ouch! That really hurt!
You die...
Your body crumbles into a pile of gold.

###.##### ### ###.###.##
+#.# .........# #..#
...####.####..# ..##
#.##.##.#
#######.......##########
###....................#
..............##..#.###
###.#######.#...@...#
##.## .......B...# #...#
#.#.#.##○.#...(# #...#
#.#...○○..#.#.## #...# #
#.....#.. . # #...#
#..°..###.#. #...#
...°.. . ## #...# ..°..
# .....


You could see a boulder beetle.

Vanquished Creatures
  A two-headed ogre (D:8)
  A centaur zombie (D:10)
  4 trolls
  7 yaks
  2 humans (D:8)
  2 water moccasins
  A hornet zombie (D:8)
  2 orc warriors
  A black bear (D:10)
  2 phantoms (D:10)
  A necrophage (D:9)
  4 ogres
  3 ice beasts
  8 centaurs
  A big kobold (D:9)
  7 bullfrogs
  2 wyvern zombies
  A water moccasin zombie (D:5)
  2 scorpions (D:9)
  5 killer bees (D:9)
  14 wights
  4 howler monkeys
  A quasit (D:9)
  A bullfrog zombie (D:5)
  2 jellies
  6 orc priests
  A centaur skeleton (D:5)
  6 hounds
  10 orc wizards
  4 bullfrog skeletons
  2 iguanas
  7 worker ants
  A killer bee zombie (D:10)
  2 hound zombies
  A hound skeleton (D:6)
  4 gnolls (D:5)
  7 adders
  6 shadow imps
  6 white imps
  An ufetubus (D:10)
  3 oozes
  4 adder skeletons
  3 worms
  A dart slug (D:1)
  7 leopard geckos
  36 orcs
  A ball python (D:4)
  A giant cockroach (D:4)
  3 goblins
  4 hobgoblins
  10 jackals
  15 kobolds
  3 quokkas
  17 bats
  9 frilled lizards
  A giant cockroach zombie (D:5)
  5 rats
  A bush (D:11)
267 creatures vanquished.

Vanquished Creatures (others)
  3 plants (D:6)
3 creatures vanquished.

Grand Total: 270 creatures vanquished

Notes
Turn   | Place    | Note
-------+----------+-------------------------------------------
     0 | D:1      | somkeydreadnuts the Gargoyle Earth Elementalist began the
                  | quest for the Orb.
     0 | D:1      | Reached XP level 1. HP: 10/10 MP: 3/3
   104 | D:1      | Reached skill level 4 in Earth Magic
   184 | D:1      | Reached XP level 2. HP: 15/15 MP: 1/5
   682 | D:2      | Reached skill level 5 in Earth Magic
   682 | D:2      | Reached XP level 3. HP: 19/19 MP: 6/6
  1215 | D:3      | Reached skill level 6 in Earth Magic
  1215 | D:3      | Reached XP level 4. HP: 7/24 MP: 1/7
  1701 | D:3      | Reached XP level 5. HP: 13/28 MP: 4/8
  2225 | D:3      | Found a hide-covered altar of Uskayaw.
  2284 | D:3      | Found a shimmering blue altar of Sif Muna.
  2286 | D:3      | Found a sparkling altar of Nemelex Xobeh.
  2437 | D:4      | Noticed an ogre
  2439 | D:4      | Reached skill level 7 in Earth Magic
  2441 | D:4      | Killed an ogre
  2441 | D:4      | Reached XP level 6. HP: 32/32 MP: 5/9
  2514 | D:4      | Reached skill level 8 in Earth Magic
  2518 | D:4      | Learned a level 2 spell: Passwall
  2522 | D:4      | Learned a level 3 spell: Stone Arrow
  2596 | D:4      | Found Pujorun's General Store.
  2609 | D:4      | Bought 10 stones for 14 gold pieces
  2954 | D:4      | Reached skill level 9 in Earth Magic
  2977 | D:4      | Reached XP level 7. HP: 33/36 MP: 6/10
  3257 | D:5      | Entered Level 5 of the Dungeon
  3365 | D:5      | Reached skill level 10 in Earth Magic
  3932 | D:5      | Got a faintly humming robe
  3943 | D:5      | Identified the +2 robe of Yredelemnul's Favour {MR+} (You
                  | found it on level 5 of the Dungeon)
  4156 | D:5      | Reached XP level 8. HP: 41/41 MP: 9/11
  4157 | D:5      | Reached skill level 11 in Earth Magic
  4232 | D:5      | Learned a level 5 spell: Lee's Rapid Deconstruction
  4251 | D:5      | Found a snail-covered altar of Cheibriados.
  5126 | D:6      | Reached skill level 12 in Earth Magic
  5161 | D:6      | Reached skill level 1 in Transmutations
  5297 | D:6      | Reached skill level 1 in Conjurations
  5347 | D:6      | Found a staircase to the Ecumenical Temple.
  5359 | Temple   | Entered the Ecumenical Temple
  5365 | Temple   | Became a worshipper of Gozag Ym Sagoz the Greedy
  5755 | D:7      | Reached XP level 9. HP: 4/45 MP: 0/13
  6017 | D:7      | Found a sparkling altar of Nemelex Xobeh.
  7461 | D:8      | Reached skill level 5 in Spellcasting
  7482 | D:8      | Reached skill level 5 in Conjurations
  7913 | D:8      | Reached XP level 10. HP: 50/50 MP: 11/19
  8061 | D:8      | Reached skill level 1 in Armour
  8462 | D:8      | Found an iron altar of Okawaru.
  9069 | D:9      | Found Qyblaw's Book Shoppe.
  9071 | D:9      | Noticed a two-headed ogre
  9263 | D:8      | Killed a two-headed ogre
  9432 | D:9      | Reached skill level 5 in Armour
  9435 | D:8      | Reached skill level 1 in Throwing
  9763 | D:9      | Bought a Young Poisoner's Handbook for 560 gold pieces
  9767 | D:9      | Learned a level 3 spell: Mephitic Cloud
  9925 | D:9      | Reached skill level 1 in Poison Magic
 10111 | D:9      | Found a runed translucent door.
 10359 | D:9      | Found a roughly hewn altar of Beogh.
 10631 | D:9      | Reached XP level 11. HP: 33/54 MP: 3/20
 10654 | D:9      | Found a hazy altar of Hepliaklqana.
 10666 | D:9      | Learned a level 4 spell: Olgreb's Toxic Radiance
 11154 | D:9      | Reached skill level 5 in Poison Magic
 11290 | D:10     | Entered Level 10 of the Dungeon
 11595 | D:10     | Learned a level 3 spell: Ignite Poison
 11603 | D:10     | Found a runed translucent door.
 11603 | D:10     | Found a shimmering altar of Xom.
 11603 | D:10     | Noticed sahdkjhfkaj's ghost (journeyman HuFi)
 11604 | D:10     | Noticed a +3 dire flail of chaos
 11719 | D:10     | Reached skill level 1 in Fire Magic
 11941 | D:10     | Found Fioha's Distillery.
 11950 | D:10     | Bought a potion of heal wounds for 80 gold pieces
 12143 | D:11     | Noticed a boulder beetle
 12145 | D:11     | Slain by a boulder beetle

Illustrated notes

Levels and vault maps discovered:
D:1:      lemuel_arrival_rhombus, layout_rooms
D:2:      layout_loops_ring
D:3:      layout_basic, eat_drink_and_be_merry_uskayaw,
          chequers_temple_overflow_statue_of_worship
D:4:      minmay_wonky_spiral, layout_basic, grunt_dithmenos_smoke,
          serial_shops, shop
D:5:      layout_loops_corners, lemuel_crystal_altar, cheibrodos_gnoll_hut
D:6:      minmay_evil_eye, layout_basic, temple_hall, serial_bayou_pond_b
D:7:      layout_basic, lemuel_centaur_altar
D:8:      layout_cave_pods, roderic_batcave, okawaru_humans
D:9:      layout_loops_ring, lemuel_coloured_pillars_altar, serial_shops, shop,
          lightli_church_of_beogh
D:10:     layout_loops_ring, serial_shops, shop, ebering_ghost_xom
D:11:     layout_loops_cross, david_lair_shrubbed, nicolae_trove_entry_diagonal,
          portal_ice_cave_entry_pillars_1, kb_lookout_dungeons_type
Temple:   eino_temple_rhombus

Skill      XL: |  1  2  3  4  5  6  7  8  9 10 11 |
---------------+----------------------------------+-----
Earth Magic    | 4 5 6 7 9 10 12 | 12.1
Transmutations | 2 3 |  3.9
Conjurations   | 2 5 |  5.3
Spellcasting   | 3 6 |  6.1
Armour         | 5 |  5.4
Dodging        | 4 |  4.6
Throwing       | 1 |  1.0
Poison Magic   | 4 6 |  6.3
Fire Magic     | 3 |  3.0
Maces & Flails | |  0.1
Stealth        | |  2.2
Evocations     | |  0.5

Action                   |  1- 3 |  4- 6 |  7- 9 | 10-12 || total
-------------------------+-------+-------+-------+-------++-------
Melee: Unarmed           |     3 |       |       |       ||     3
       Whip              |    40 |    30 |    82 |       ||   152
       Battleaxe         |       |       |    79 |    61 ||   140
Throw: Dart              |       |       |       |     5 ||     5
 Cast: Sandblast         |    20 |    43 |    62 |    13 ||   138
       Stone Arrow       |       |       |    40 |   109 ||   149
       Lee's Rapid Decon |       |       |     9 |    20 ||    29
       Mephitic Cloud    |       |       |       |     2 ||     2
  Use: Scroll            |       |       |     7 |     5 ||    12
       Potion            |       |       |     3 |       ||     3
 Stab: Sleeping          |     3 |       |       |       ||     3
Armor: Robe              |    12 |    10 |   113 |    44 ||   179
Dodge: Dodged            |    39 |    20 |   141 |   114 ||   314

Table legend: (Time is in decaauts)
 A = Elapsed time spent in this place.
 B = Non-inter-level travel time spent in this place.
 C = Inter-level travel time spent in this place.
 D = Time resting spent in this place.
 E = Time spent auto-exploring this place.
 F = Levels seen in this place.
 G = Mean time per level.
                   A        B        C        D        E       F      G
               +--------+--------+--------+--------+--------+-----+--------+
         Total |  12273 |  12237 |     36 |      0 |   8220 |  12 | 1022.8 |
       Dungeon |  12256 |  12227 |     29 |      0 |   8218 |  11 | 1114.2 |
        Temple |     16 |      9 |      7 |      0 |      2 |   1 |   16.0 |
               +--------+--------+--------+--------+--------+-----+--------+

Top non-repeatable levels by time:
     D:8: 2370 daAuts
     D:7: 1797 daAuts
     D:9: 1635 daAuts
     D:3: 1226 daAuts
     D:5: 1209 daAuts
     D:6: 1114 daAuts
     D:4: 834 daAuts
    D:10: 690 daAuts
     D:2: 619 daAuts
     D:1: 581 daAuts
    D:11: 176 daAuts
  Temple: 16 daAuts
